AoeStats
← R1b7n12

Arabia

508481146Analyzed
2v2 RM · 8d ago on Sep 22, 2026· 45m 43s· 4 players
Game mode
Random Map
Map size
Medium (4 player)
Population
200
Speed
Normal
Resources
Standard
Victory
Conquest
Starting age
Dark Age
Ending age
Imperial Age
RankedLock teamsTeams togetherTeam positionsShared explorationLock speedFull tech treeHidden civsTurbo modeCheats
Victory
Defeat
🇲🇽 Franks · Mexico
1104
+14
🇩🇪 Ethiopians · Germany
1056
+16
🇳🇴 Saxons · Norway
1070
-15
🇳🇴 Varangians · Norway
1062
-15
MoarScoops
6:26 Loom
10:28 Feudal Age
12:18 Double-Bit Axe
13:16 Horse Collar
24:11 Castle Age
23:18 Fletching
29:38 Heavy Plow
30:02 Bow Saw
32:15 Padded Archer Armor
34:03 Squires
33:53 Gambesons
34:25 Forging
34:17 Scale Mail Armor
35:27 Wheelbarrow
34:41 Town Watch
35:26 Bodkin Arrow
37:38 Leather Archer Armor
40:03 Arson
39:38 Pikeman
44:40 Forging
45:36 Chain Mail Armor
ECH
11:32 Feudal Age
10:11 Loom
12:34 Double-Bit Axe
14:11 Horse Collar
16:19 Wheelbarrow
22:45 Forging
22:38 Scale Mail Armor
22:46 Scale Barding Armor
25:22 Castle Age
25:03 Bloodlines
25:12 Fletching
26:10 Husbandry
26:33 Chain Barding Armor
26:08 Gold Mining
28:58 Iron Casting
36:16 Bodkin Arrow
40:35 Squires
40:21 Light Cavalry
R1b7n12
6:31 Loom
9:20 Feudal Age
10:22 Double-Bit Axe
13:16 Horse Collar
16:05 Fletching
23:59 Castle Age
21:58 Gold Mining
24:09 Crossbowman
24:49 Bodkin Arrow
24:54 Padded Archer Armor
25:44 Gold Shaft Mining
26:55 Leather Archer Armor
29:12 Ballistics
31:21 Wheelbarrow
31:58 Thumb Ring
32:53 Bow Saw
33:50 Heavy Plow
40:48 Imperial Age
38:37 Hand Cart
38:08 Town Watch
40:53 Arbalester
41:37 Bracer
46:10 Chemistry
Chinos1613
6:22 Loom
9:53 Feudal Age
10:28 Double-Bit Axe
17:26 Wheelbarrow
21:28 Castle Age
19:32 Gold Mining
19:49 Scale Barding Armor
20:29 Forging
22:20 Husbandry
24:56 Town Watch
27:08 Stone Mining
28:51 Iron Casting
28:10 Fletching
30:02 Chain Barding Armor
33:49 Hand Cart
34:01 Bow Saw
39:15 Imperial Age
39:53 Ballistics
39:29 Murder Holes
39:14 Treadmill Crane
39:23 Cavalier
40:18 Masonry
41:33 Ordonnance Companies
42:56 Plate Barding Armor
43:21 Blast Furnace
42:17 Bodkin Arrow
43:31 Chemistry
43:57 Paladin
45:24 Town Patrol
Connection lost

Rejoining the realm…

Still unreachable

The connection could not be restored.

Session expired

The server has moved on; the page needs a fresh start.